 Dungeon Crawl Stone Soup version 0.19.1 (webtiles) character file.

54084 lorenzova the Eclecticist (level 14, -7/76 HPs)
             Began as a Deep Elf Conjurer on Dec 9, 2016.
             Was a High Priest of Vehumet.
             Mangled by a hand axe of flaming (9 damage)
             ... on level 1 of the Elven Halls.
             The game lasted 01:15:05 (22683 turns).

lorenzova the Eclecticist (Deep Elf Conjurer)      Turns: 22683, Time: 01:15:05

Health: -7/76      AC: 11    Str:  9    XL:     14   Next: 33%
Magic:  20/45      EV: 15    Int: 26    God:    Vehumet [*****.]
Gold:   1575       SH:  6    Dex: 18    Spells: 4 memorised, 30 levels left

rFire  + . .     SeeInvis .     y - +8 long sword "Lanep" {chaos, rC+ Str+4}
rCold  + . .     Gourm    .     C - +1 ring mail {rF+}
rNeg   . . .     Faith    .     o - +0 buckler {rPois}
rPois  +         Spirit   .     a - -1 hat of Limited Liability {rElec}
rElec  +         Reflect  .     j - +1 cloak {MR+}
rCorr  .         Harm     .     x - +1 pair of gloves {Dex+3}
MR     +++..                    (no boots)
Stlth  ++........               (no amulet)
                                i - ring of protection from magic
                                V - ring of magical power

@: no status effects
A: no striking features
a: Renounce Religion


You were on level 1 of the Elven Halls.
You worshipped Vehumet.
Vehumet was extremely pleased with you.
You were not hungry.

You visited 6 branches of the dungeon, and saw 21 of its levels.
You also visited: Trove and Sewer.

You collected 1809 gold pieces.
You spent 234 gold pieces at shops.

Inventory:

Hand Weapons
 g - the +5 mace of Massacring {venom, rF- rC+++ rN++}
   (You found it on level 1 of the Lair of Beasts)

   It poisons the flesh of those it strikes.
   It makes you vulnerable to fire.
   It renders you almost immune to cold.
   It greatly protects you from negative energy.
 y - the +8 long sword "Lanep" (weapon) {chaos, rC+ Str+4}
   (You found it on level 3 of the Lair of Beasts)

   Each time it hits an enemy it has a different, random effect.
   It affects your strength (+4).
   It protects you from cold.
Missiles
 r - 7 javelins of penetration (quivered)
Armour
 a - the -1 hat of Limited Liability (worn) {rElec}
   (You found it in a treasure trove)

   It insulates you from electricity.
 j - a +1 cloak of magic resistance (worn)
 o - a +0 buckler of poison resistance (worn)
 s - a +0 buckler of fire resistance
 u - the -3 cloak "Kej Husicaept" {rPois Int+5 Dex+4 Slay-3}
   (You found it in a treasure trove)

   It affects your intelligence (+5).
   It affects your dexterity (+4).
   It affects your accuracy and damage with ranged weapons and melee attacks
   (-3).
   It protects you from poison.
 x - a +1 pair of gloves of dexterity (worn)
 C - a +1 ring mail of fire resistance (worn)
Jewellery
 i - a ring of protection from magic (right hand)
 E - an uncursed ring of wizardry
 V - a ring of magical power (left hand)
Wands
 R - a wand of teleportation (8/9)
Scrolls
 d - 2 scrolls of enchant armour
 e - 3 scrolls of recharging
 k - 2 scrolls of fear {unknown}
 v - 4 scrolls of teleportation
 w - 3 scrolls of amnesia {unknown}
 A - 3 scrolls of magic mapping {unknown}
 D - 2 scrolls of fog
 I - 4 scrolls of blinking
 L - 4 scrolls of remove curse
 M - a scroll of torment {unknown}
 P - a scroll of silence
 Q - 2 scrolls of immolation {unknown}
 U - a scroll of holy word {unknown}
Potions
 b - 2 potions of invisibility
 f - 2 potions of haste
 h - 3 potions of brilliance
 m - 3 potions of agility
 q - 10 potions of curing
 B - 3 potions of flight
 H - 2 potions of heal wounds
 O - 2 potions of ambrosia
 W - 2 potions of resistance
 Z - 4 potions of might
Comestibles
 c - 10 bread rations
 l - 2 chunks of flesh


   Skills:
 - Level 4.6 Fighting
 * Level 7.3 Armour
 * Level 8.5 Dodging
 - Level 2.4 Stealth
 - Level 4.9 Shields
 + Level 16.4 Spellcasting
 + Level 14.5 Conjurations
 - Level 10.0 Charms
 + Level 9.1 Fire Magic


You had 30 spell levels left.
You knew the following spells:

 Your Spells              Type           Power        Failure   Level  Hunger
a - Magic Dart            Conj           ####         0%          1    None
b - Iskenderun's Battles  Conj/Chrm      ######..     1%          5    None
c - Iskenderun's Mystic   Conj           #######.     1%          4    None
f - Fireball              Conj/Fire      ######....   1%          5    None


Dungeon Overview and Level Annotations

Branches:
Dungeon (10/15)            Temple (1/1) D:5            Lair (6/6) D:8
 Shoals (0/4) Lair:3       Spider (1/4) Lair:3        Slime (0/5) Lair:5
    Orc (2/2) D:9             Elf (1/3) Orc:2

Altars:
Ashenzari
Cheibriados
Elyvilon
Fedhas
Gozag
Hepliaklqana
Nemelex Xobeh
Okawaru
Ru
Sif Muna
Trog
Uskayaw
Vehumet
Xom
Yredelemnul
Zin
The Shining One

Shops:
D:6 (   Orc:2 ?!%(}


Message History

Confirm with . or Enter, or press ? or * to list all spells.
Aiming: Iskenderun's Mystic Blast
Press: ? - help, Shift-Dir - straight line, f - hand axe of flaming
Aim: a hand axe of flaming (lightly damaged)
The orb of energy misses the hand axe of flaming.
The orb of energy explodes!
The hand axe of flaming closely misses you.
The hand axe of flaming hits you.
* * * LOW HITPOINT WARNING * * *
The hand axe of flaming burns you.
* * * LOW HITPOINT WARNING * * *
Casting: Iskenderun's Mystic Blast
Confirm with . or Enter, or press ? or * to list all spells.
Aiming: Iskenderun's Mystic Blast
Press: ? - help, Shift-Dir - straight line, f/p - hand axe of flaming
Aim: a hand axe of flaming (lightly damaged)
The orb of energy hits the hand axe of flaming.
The hand axe of flaming is almost destroyed.
The orb of energy explodes!
The hand axe of flaming hits you!
You die...

.. .. +.# ###
###.e.# #<###
###(e.## +...##
##')ยง..e#
#...@#+#.####..)3).
#....(..## ..#...
#......## ?'.%.
##....## ##...
##..## ### ####


You could see a hand axe of flaming.

Vanquished Creatures
  Snorg (Orc:1)
  An ettin (Orc:2)
  Harold (Lair:2)
  3 hydras
  Erolcha (Orc:2)
  6 death yaks (Lair:6)
  A catoblepas (Lair:6)
  A deep troll shaman (Lair:6)
  5 orc high priests (Orc:2)
  Urug (Lair:2)
  The ghost of asdue the Grappler, a novice TrAE of Okawaru (D:9)
  A deep elf knight (Elf:1)
  Nergalle (Lair:4)
  A deep elf archer (Elf:1)
  A lindwurm (Lair:6)
  9 orc knights (Orc:2)
  An orb spider (Spider:1)
  The ghost of Philosophy the Twirler, a novice FoFi (D:6)
  4 deep elf magi (Elf:1)
  3 oklob plants (Lair:5)
  A cyclops (Orc:2)
  3 elephants (Lair:6)
  Maurice (D:8)
  4 black mambas
  5 spiny frogs
  A gargoyle (D:9)
  Psyche (D:8)
  A rime drake (Lair:6)
  9 komodo dragons
  3 polar bears
  3 trolls
  3 blink frogs (Lair:4)
  3 jumping spiders
  A snapping turtle (Lair:3)
  4 dream sheep (Lair:6)
  9 hippogriffs
  A redback (Lair:3)
  Sigmund (D:3)
  19 yaks
  A tarantella (Spider:1)
  A hungry ghost (D:8)
  Eustachio (D:5)
  4 wargs
  5 porcupines
  9 water moccasins
  4 ice beasts
  Purgy (Sewer)
  A black bear (Lair:5)
  36 orc warriors
  2 sky beasts
  A necrophage (D:9)
  12 ogres
  5 centaurs
  2 phantoms
  15 wolves
  A big kobold (D:9)
  15 crocodiles
  11 bullfrogs
  A wyvern skeleton (D:7)
  3 scorpions
  7 killer bees (D:9)
  5 wights (D:8)
  3 electric eels
  2 centaur zombies (D:9)
  2 crimson imps
  A centaur skeleton (D:7)
  A bullfrog zombie (D:9)
  4 hounds
  36 orc priests
  3 jellies
  Crazy Yiuf (D:3)
  A bullfrog skeleton (D:6)
  2 iguanas
  25 orc wizards
  7 worker ants
  2 hound zombies
  A worker ant zombie (D:6)
  13 adders
  4 gnolls (D:9)
  A river rat (D:5)
  3 shadow imps
  2 oozes (D:3)
  An adder zombie (D:9)
  3 adder skeletons
  3 worms
  2 dart slugs (D:2)
  4 leopard geckos
  80 orcs
  3 ball pythons
  9 giant cockroaches
  8 goblins
  6 hobgoblins
  7 jackals
  9 kobolds
  6 quokkas
  10 bats
  10 frilled lizards
  A leopard gecko skeleton (D:9)
  2 quokka skeletons
  5 rats
  A fungus (D:3)
544 creatures vanquished.

Vanquished Creatures (others)
  An orc wizard (Orc:2)
  4 fungi
  15 plants
20 creatures vanquished.

Grand Total: 564 creatures vanquished

Notes
Turn   | Place    | Note
-------+----------+-------------------------------------------
     0 | D:1      | lorenzova the Deep Elf Conjurer began the quest for the Orb.
     0 | D:1      | Reached XP level 1. HP: 10/10 MP: 6/6
   117 | D:1      | Reached XP level 2. HP: 15/15 MP: 0/8
   646 | D:2      | Reached skill level 5 in Conjurations
   764 | D:2      | Reached XP level 3. HP: 19/19 MP: 3/10
   766 | D:2      | Reached skill level 4 in Spellcasting
  1847 | D:3      | Noticed Sigmund
  1995 | D:3      | Reached XP level 4. HP: 24/24 MP: 3/12
  2001 | D:3      | Learned a level 4 spell: Iskenderun's Mystic Blast
  2169 | D:3      | Reached skill level 5 in Spellcasting
  2395 | D:3      | Found a faded altar of an unknown god.
  2561 | D:3      | Killed Sigmund
  2561 | D:3      | Reached skill level 6 in Spellcasting
  2561 | D:3      | Reached XP level 5. HP: 5/28 MP: 1/15
  2815 | D:3      | Reached XP level 6. HP: 32/32 MP: 14/17
  2822 | D:3      | Learned a level 5 spell: Iskenderun's Battlesphere
  2903 | D:3      | Reached skill level 1 in Charms
  3356 | D:3      | Found a runed door.
  3360 | D:3      | Noticed Crazy Yiuf
  3364 | D:3      | Killed Crazy Yiuf
  3672 | D:4      | Reached skill level 7 in Spellcasting
  3884 | D:4      | Reached XP level 7. HP: 30/36 MP: 3/19
  5040 | D:5      | Entered Level 5 of the Dungeon
  5176 | D:5      | Found a staircase to the Ecumenical Temple.
  5185 | Temple   | Entered the Ecumenical Temple
  5204 | Temple   | Became a worshipper of Vehumet
  5378 | D:5      | Found a glowing drain.
  5382 | Sewer    | Entered a sewer
  5463 | Sewer    | Noticed Purgy
  5469 | Sewer    | Killed Purgy
  5469 | Sewer    | Reached skill level 8 in Spellcasting
  5873 | D:5      | Noticed Eustachio
  5955 | D:5      | Killed Eustachio
  5955 | D:5      | Reached skill level 5 in Charms
  5955 | D:5      | Reached XP level 8. HP: 41/41 MP: 11/22
  6230 | D:6      | Reached skill level 9 in Spellcasting
  6280 | D:6      | Found Icvir's Weapon Boutique.
  6341 | D:6      | Noticed Philosophy's ghost (novice FoFi)
  6702 | D:6      | Reached * piety under Vehumet
  6702 | D:6      | Offered knowledge of Sandblast by Vehumet.
  6775 | D:6      | Reached skill level 10 in Spellcasting
  6794 | D:6      | Killed Philosophy's ghost
  6794 | D:6      | Reached XP level 9. HP: 41/45 MP: 0/25
  7451 | D:7      | Reached skill level 11 in Spellcasting
  8111 | D:7      | Reached skill level 10 in Conjurations
  8374 | D:8      | Reached ** piety under Vehumet
  8417 | D:8      | Offered knowledge of Throw Flame by Vehumet.
  8480 | D:8      | Noticed Psyche
  8483 | D:8      | Killed Psyche
  8631 | D:8      | Reached skill level 12 in Spellcasting
  9068 | D:8      | Noticed a komodo dragon
  9072 | D:8      | Killed a komodo dragon
  9072 | D:8      | Reached XP level 10. HP: 50/50 MP: 18/28
  9125 | D:8      | Found a staircase to the Lair.
  9326 | D:8      | Noticed Maurice
  9330 | D:8      | Killed Maurice
  9560 | D:9      | Found a radiant altar of Vehumet.
  9613 | D:9      | Offered knowledge of Throw Frost by Vehumet.
  9761 | D:9      | Reached *** piety under Vehumet
  9767 | D:9      | Reached skill level 13 in Spellcasting
  9889 | D:9      | Found a staircase to the Orcish Mines.
 10047 | D:9      | Got a ripped robe
 10058 | D:9      | Identified the +1 robe "Gaymn" {rF+ Str-4 Int+3} (You found it on level 9 of the Dungeon)
 10088 | D:9      | Noticed a gargoyle
 10088 | D:9      | Noticed asdue's ghost (novice TrAE)
 10166 | D:9      | Killed a gargoyle
 10263 | D:9      | Killed asdue's ghost
 10263 | D:9      | Reached skill level 10 in Charms
 10408 | D:9      | Offered knowledge of Static Discharge by Vehumet.
 10569 | D:9      | Reached skill level 1 in Armour
 10629 | D:9      | Reached skill level 1 in Fighting
 10733 | D:10     | Entered Level 10 of the Dungeon
 10763 | D:10     | Found a portal to a secret trove of treasure.
 10772 | D:10     | Got an iridescent flail
 10773 | D:10     | Identified the +9 flail of Slime {holy, Str+4} (You found it on level 10 of the Dungeon)
 11070 | D:10     | Reached **** piety under Vehumet
 11232 | D:10     | Offered knowledge of Venom Bolt by Vehumet.
 11234 | D:10     | Reached XP level 11. HP: 56/56 MP: 25/30
 11550 | Lair:1   | Entered Level 1 of the Lair of Beasts
 12132 | Lair:1   | Got a crude mace
 12133 | Lair:1   | Identified the +5 mace of Massacring {venom, rF- rC+++ rN++} (You found it on level 1 of the Lair of Beasts)
 12319 | D:10     | You paid a toll of 3 potions of cure mutation to enter a treasure trove
 12320 | Trove    | Entered a treasure trove
 12331 | Trove    | Got a faintly humming hat
 12339 | Trove    | Identified the -1 hat of Limited Liability {rElec} (You found it in a treasure trove)
 12417 | Trove    | Got an ancient cloak
 12428 | Trove    | Identified the -3 cloak "Kej Husicaept" {rPois Int+5 Dex+4 Slay-3} (You found it in a treasure trove)
 12672 | Lair:2   | Noticed Harold
 12679 | Lair:2   | Killed Harold
 12679 | Lair:2   | Reached skill level 1 in Shields
 12679 | Lair:2   | Reached skill level 14 in Spellcasting
 12819 | Lair:2   | Noticed Urug
 12823 | Lair:2   | Killed Urug
 12827 | Lair:2   | Noticed a four-headed hydra
 12832 | Lair:2   | Killed a four-headed hydra
 13542 | Lair:3   | Found a hole to the Spider Nest.
 13766 | Lair:3   | Got a shimmering long sword
 13767 | Lair:3   | Identified the +8 long sword "Lanep" {chaos, rC+ Str+4} (You found it on level 3 of the Lair of Beasts)
 14208 | Lair:3   | Found a staircase to the Shoals.
 14625 | Lair:4   | Reached XP level 12. HP: 62/62 MP: 32/32
 14697 | Lair:4   | Learned a level 5 spell: Fireball
 15146 | Lair:4   | Noticed Nergalle
 15150 | Lair:4   | Killed Nergalle
 15335 | Lair:4   | Reached skill level 1 in Fire Magic
 15388 | Lair:5   | Noticed a four-headed hydra
 15392 | Lair:5   | Killed a four-headed hydra
 16056 | Lair:5   | Found a staircase to the Slime Pits.
 16060 | Lair:5   | Reached ***** piety under Vehumet
 16112 | Lair:5   | Offered knowledge of Delayed Fireball by Vehumet.
 16440 | Lair:5   | Reached skill level 15 in Spellcasting
 16450 | Lair:5   | Reached skill level 5 in Dodging
 16889 | Lair:6   | Entered Level 6 of the Lair of Beasts
 16895 | Lair:6   | Reached skill level 5 in Armour
 17241 | Lair:6   | Noticed a six-headed hydra
 17245 | Lair:6   | Killed a six-headed hydra
 17520 | Lair:6   | Reached skill level 5 in Fire Magic
 17523 | Lair:6   | Reached XP level 13. HP: 72/72 MP: 16/34
 18912 | Orc:1    | Entered Level 1 of the Orcish Mines
 19242 | Orc:1    | Found a bloodstained altar of Trog.
 19356 | Orc:2    | Entered Level 2 of the Orcish Mines
 19356 | Orc:2    | Noticed Erolcha
 19356 | Orc:2    | Noticed an ettin
 19359 | Orc:2    | Noticed Snorg
 19360 | Orc:2    | Killed an ettin
 19362 | Orc:2    | Killed Erolcha
 19370 | Orc:1    | Killed Snorg
 19804 | Orc:2    | Reached skill level 16 in Spellcasting
 19895 | Orc:2    | Offered knowledge of Force Lance by Vehumet.
 19903 | Orc:2    | Found Yskusuus's Magic Scroll Shoppe.
 20261 | Orc:2    | Bought a scroll of identify for 24 gold pieces
 20498 | Orc:2    | Found a staircase to the Elven Halls.
 21388 | Orc:2    | Reached XP level 14. HP: 76/76 MP: 28/36
 21940 | Orc:2    | Found Viosypot's Distillery.
 21943 | Orc:2    | Found Jaane's Gadget Shop.
 21944 | Orc:2    | Found Zewas's Food Shop.
 21945 | Orc:2    | Found Veuhunot's Weapon Boutique.
 22006 | Orc:2    | Bought a potion of resistance for 120 gold pieces
 22082 | Orc:2    | Bought a scroll of blinking for 90 gold pieces
 22301 | Spider:1 | Entered Level 1 of the Spider Nest
 22629 | Elf:1    | Entered Level 1 of the Elven Halls
 22682 | Elf:1    | HP: 2/76 [hand axe of flaming (4)]
 22683 | Elf:1    | Mangled by a hand axe of flaming

Skill      XL: |  1  2  3  4  5  6  7  8  9 10 11 12 13 14 |
---------------+-------------------------------------------+-----
Conjurations   | 5 6 8 9 10 12 13 14 | 14.5
Spellcasting   | 4 6 7 8 10 12 13 14 15 16 | 16.4
Charms         | 2 5 7 8 10 | 10.0
Armour         | 2 3 5 6 7 |  7.3
Fighting       | 1 2 4 |  4.6
Dodging        | 3 4 5 7 8 |  8.5
Shields        | 4 |  4.9
Fire Magic     | 5 8 9 |  9.1
Stealth        | |  2.4

Action                   |  1- 3 |  4- 6 |  7- 9 | 10-12 | 13-15 || total
-------------------------+-------+-------+-------+-------+-------++-------
Melee: Unarmed           |       |    61 |       |       |       ||    61
       Dagger            |       |     3 |       |       |       ||     3
       Long sword        |       |       |       |       |     2 ||     2
 Cast: Magic Dart        |    81 |    88 |   194 |   277 |   158 ||   798
       Iskenderun's Myst |       |    10 |    28 |    88 |   111 ||   237
       Iskenderun's Batt |       |       |    32 |    81 |    56 ||   169
       Fireball          |       |       |       |    10 |    35 ||    45
  Use: Scroll            |       |       |       |    24 |     3 ||    27
  Eat: Chunk             |     1 |     9 |    22 |    26 |    15 ||    73
       Pizza             |       |       |       |     1 |       ||     1
Armor: Robe              |     1 |       |     2 |     6 |       ||     9
       Leather armour    |       |       |     5 |     1 |       ||     6
       Ring mail         |       |       |       |     1 |     5 ||     6
Dodge: Dodged            |     5 |    11 |    15 |    19 |    32 ||    82
Block: Buckler           |       |       |       |     3 |     9 ||    12
       Rpst.: Long sword |       |       |       |       |     6 ||     6
